 Dungeon Crawl Stone Soup version 0.23.2-40-g277498a001 (webtiles) character file.

Game seed: 15856048962073275065

598728 Gaucho08 the Slayer (level 27, -21/228 HPs)
             Began as a Human Wizard on Aug 15, 2019.
             Was the Champion of Sif Muna.
             Killed from afar by an orb of fire (29 damage)
             ... with a bolt of fire
             ... on level 5 of the Realm of Zot on Aug 16, 2019.
             The game lasted 05:44:34 (130137 turns).

Gaucho08 the Slayer (Human Wizard)                Turns: 130137, Time: 05:44:37

Health: -21/228    AC: 21    Str:  9    XL:     27
Magic:  63/64      EV: 21    Int: 38    God:    Sif Muna [******]
Gold:   3927       SH: 23    Dex: 18    Spells: 7/65 levels left

rFire    + . .     SeeInvis .   C - +3 broad axe "Widowmaker" {pain, rElec rPois MP+9} (curse)
rCold    + . .     Gourm    .   H - +2 shield {rN+}
rNeg     + + +     Faith    .   O - quicksilver dragon scales
rPois    +         Spirit   .   X - +2 hat {MR+}
rElec    +         Reflect  +   k - scarf {rC+ rF+}
rCorr    .         Harm     .   w - +1 pair of gloves of the Undertaker {Int+5 Dex+4}
MR       ++++.                  E - +2 pair of boots {run}
Stlth    ++........             J - brooch of Shielding {Reflect SH+8}
HPRegen  0.48/turn              I - ring of Xom's Displeasure {Fire rN++ MP+9 Slay+6}
MPRegen  0.39/turn              D - ring of ice

@: brilliant, no casting, quick
A: blurry vision 1, no potion heal 1
}: 3/15 runes: barnacled, silver, gossamer
a: Stop Divine Energy, Channel Magic, Forget Spell, Renounce Religion


You were on level 5 of the Realm of Zot.
You worshipped Sif Muna.
Sif Muna was exalted by your worship.
You were full.

You visited 9 branches of the dungeon, and saw 49 of its levels.
You also visited: Desolation.

You collected 6753 gold pieces.
You spent 2826 gold pieces at shops.

Inventory:

Hand Weapons
 C - the cursed +3 broad axe "Widowmaker" (weapon) {pain, rElec rPois MP+9}
   (You took it off an ironheart preserver on level 5 of the Vaults)

   In the hands of one skilled in necromantic magic, it inflicts extra damage on
   living creatures.
   It insulates you from electricity.
   It protects you from poison.
   It affects your magic capacity (+9).
   It has a curse placed upon it.
Missiles
 F - 8 throwing nets (quivered)
Armour
 k - a scarf of resistance (worn)
 w - the +1 pair of gloves of the Undertaker (worn) {Int+5 Dex+4}
   (You acquired it on level 3 of the Vaults)

   It affects your intelligence (+5).
   It affects your dexterity (+4).
 E - a +2 pair of boots of running (worn)
 H - a +2 shield of positive energy (worn)
 O - quicksilver dragon scales (worn)
 X - a +2 hat of magic resistance (worn)
Magical Staves
 a - an uncursed staff of energy
Jewellery
 b - the ring of Zin's Benevolence {rF+ Slay+3}
   (You took it off a yaktaur on level 5 of the Vaults)

   [ring of protection from fire]

   It affects your accuracy and damage with ranged weapons and melee attacks
   (+3).
   It protects you from fire.
 x - an uncursed ring of see invisible
 D - a ring of ice (right hand)
 I - the ring of Xom's Displeasure (left hand) {Fire rN++ MP+9 Slay+6}
   (You took it off a tengu reaver on level 5 of the Vaults)

   [ring of fire]

   It enhances your fire magic.
   It affects your accuracy and damage with ranged weapons and melee attacks
   (+6).
   It protects you from fire.
   It makes you vulnerable to cold.
   It greatly protects you from negative energy.
   It affects your magic capacity (+9).
 J - the brooch of Shielding (around neck) {Reflect SH+8}
   (You took it off a yaktaur captain on level 5 of the Vaults)

   [amulet of reflection]

   It shields you and reflects attacks.
   It affects your SH (+8).
 M - an uncursed ring of wizardry
Wands
 j - a wand of paralysis (19)
 p - a wand of acid (9)
 A - a wand of digging (39)
 N - a wand of iceblast (23)
 R - a wand of scattershot (3)
Scrolls
 c - 14 scrolls of enchant armour
 g - 3 scrolls of silence
 m - 4 scrolls of fear
 n - 11 scrolls of enchant weapon
 q - 6 scrolls of teleportation
 r - 3 scrolls of blinking
 z - 7 scrolls of amnesia
 B - 9 scrolls of fog
 G - 24 scrolls of remove curse
 K - a scroll of magic mapping
 L - 4 scrolls of immolation
 Z - 5 scrolls of identify
Potions
 e - 5 potions of flight
 f - 5 potions of agility
 h - 8 potions of curing
 i - 4 potions of haste
 l - a potion of resistance
 o - 3 potions of magic
 t - 7 potions of brilliance
 u - 9 potions of mutation
 Q - 5 potions of might
 S - 3 potions of heal wounds
 U - 2 potions of ambrosia
 W - 4 potions of cancellation
Miscellaneous
 T - a phantom mirror
Comestibles
 d - 10 rations


   Skills:
 + Level 21.2 Fighting
 + Level 10.8 Armour
 * Level 16.0 Dodging
 - Level 2.0 Stealth
 - Level 15.0 Shields
 + Level 19.9 Spellcasting
 - Level 18.0 Conjurations
 - Level 6.0 Charms
 - Level 12.0 Summonings
 + Level 9.7 Necromancy
 - Level 3.0 Translocations
   Level 2.5 Fire Magic
 - Level 10.8 Ice Magic
 - Level 16.0 Air Magic
 - Level 6.0 Earth Magic
   Level 2.0 Poison Magic


You had 7 spell levels left.
You knew the following spells:

 Your Spells              Type           Power        Failure   Level  Hunger
a - Iron Shot             Conj/Erth      ########..   1%          6    None
b - Bolt of Cold          Conj/Ice       ########..   1%          6    None
c - Freezing Cloud        Conj/Ice/Air   ########..   1%          6    None
d - Spellforged Servitor  Conj/Summ      ########..   1%          7    None
e - Orb of Destruction    Conj           ########..   1%          7    None
f - Blink                 Tloc           N/A          1%          2    None
g - Regeneration          Chrm/Necr      #######...   1%          3    None
h - Sublimation of Blood  Necr           #######...   1%          2    None
i - Deflect Missiles      Chrm/Air       #######...   1%          6    None
j - Chain Lightning       Conj/Air       ########..   1%          8    ###....
k - Borgnjor's Vile Clut  Necr/Erth      #######...   1%          5    None

Your spell library contained the following spells:

 Spells                   Type           Power        Failure   Level  Hunger
 Flame Tongue             Conj/Fire      #####        0%          1    None
 Freeze                   Ice            ####         0%          1    None
 Magic Dart               Conj           ####         0%          1    None
 Shock                    Conj/Air       ####         0%          1    None
 Summon Butterflies       Summ           ########     0%          1    None
 Summon Small Mammal      Summ           ####         0%          1    None
 Call Imp                 Summ           ########     0%          2    None
 Searing Ray              Conj           ######       0%          2    None
 Throw Frost              Conj/Ice       ######       0%          2    None
 Static Discharge         Conj/Air       ########     0%          3    None
 Airstrike                Air            ########..   0%          4    None
 Iskenderun's Mystic Bla  Conj           ########     0%          4    None
 Animate Skeleton         Necr           N/A          1%          1    None
 Apportation              Tloc           ######       1%          1    None
 Beastly Appendage        Tmut           ######       1%          1    None
 Confusing Touch          Hex            ######       1%          1    None
 Corona                   Hex            ######.      1%          1    None
 Infusion                 Chrm           ####         1%          1    None
 Pain                     Necr           ####         1%          1    None
 Sandblast                Erth           ######       1%          1    None
 Sting                    Conj/Pois      ####         1%          1    None
 Corpse Rot               Necr           N/A          1%          2    None
 Ensorcelled Hibernation  Hex/Ice        ######       1%          2    None
 Passwall                 Tmut/Erth      ######..     1%          2    None
 Poisonous Vapours        Pois/Air       ######       1%          2    None
 Shroud of Golubria       Chrm/Tloc      #######...   1%          2    None
 Slow                     Hex            ######..     1%          2    None
 Song of Slaying          Chrm           #######.     1%          2    None
 Sticks to Snakes         Tmut           ######..     1%          2    None
 Swiftness                Chrm/Air       #######.     1%          2    None
 Throw Flame              Conj/Fire      ######       1%          2    None
 Call Canine Familiar     Summ           ########     1%          3    None
 Confuse                  Hex            ######..     1%          3    None
 Conjure Flame            Conj/Fire      ########     1%          3    None
 Dazzling Spray           Conj/Hex       ######       1%          3    None
 Gell's Gravitas          Tloc           ######....   1%          3    None
 Ignite Poison            Fire/Tmut/Pois #######.     1%          3    None
 Inner Flame              Hex/Fire       #######.     1%          3    None
 Lesser Beckoning         Tloc           ######....   1%          3    None
 Mephitic Cloud           Conj/Pois/Air  ########     1%          3    None
 Ozocubu's Armour         Chrm/Ice       ########     1%          3    None
 Portal Projectile        Hex/Tloc       ######       1%          3    None
 Recall                   Summ/Tloc      N/A          1%          3    None
 Spectral Weapon          Hex/Chrm       ######..     1%          3    None
 Spider Form              Tmut/Pois      ######....   1%          3    None
 Stone Arrow              Conj/Erth      ######       1%          3    None
 Summon Guardian Golem    Hex/Summ       #######.     1%          3    None
 Teleport Other           Tloc           ######..     1%          3    None
 Tukima's Dance           Hex            ######..     1%          3    None
 Vampiric Draining        Necr           #######...   1%          3    None
 Animate Dead             Necr           N/A          1%          4    None
 Cause Fear               Hex            ######....   1%          4    None
 Force Lance              Conj/Tloc      #######.     1%          4    None
 Fulminant Prism          Conj/Hex       #######...   1%          4    None
 Ice Form                 Ice/Tmut       ########     1%          4    None
 Leda's Liquefaction      Hex/Erth       ######....   1%          4    None
 Olgreb's Toxic Radiance  Pois           ######..     1%          4    None
 Passage of Golubria      Tloc           N/A          1%          4    None
 Petrify                  Tmut/Erth      ######..     1%          4    None
 Sticky Flame             Conj/Fire      ########     1%          4    None
 Summon Ice Beast         Ice/Summ       ########     1%          4    None
 Summon Lightning Spire   Summ/Air       ########     1%          4    None
 Throw Icicle             Conj/Ice       ########     1%          4    None
 Agony                    Necr           #######.     1%          5    None
 Aura of Abjuration       Summ           ########..   1%          5    None
 Bolt of Draining         Conj/Necr      ########..   1%          5    None
 Bolt of Magma            Conj/Fire/Erth ########..   1%          5    None
 Dispel Undead            Necr           #######.     1%          5    None
 Excruciating Wounds      Chrm/Necr      #######...   1%          5    None
 Fireball                 Conj/Fire      ########..   1%          5    None
 Irradiate                Conj/Tmut      #######...   1%          5    None
 Iskenderun's Battlesphe  Conj/Chrm      ########     1%          5    None
 Lee's Rapid Deconstruct  Erth           #######...   1%          5    None
 Lightning Bolt           Conj/Air       ########..   1%          5    None
 Metabolic Englaciation   Hex/Ice        ########..   1%          5    None
 Silence                  Hex/Air        #######...   1%          5    None
 Summon Demon             Summ           ########..   1%          5    None
 Summon Forest            Summ/Tloc      #######...   1%          5    None
 Summon Mana Viper        Hex/Summ       #######.     1%          5    None
 Venom Bolt               Conj/Pois      #######...   1%          5    None
 Bolt of Fire             Conj/Fire      ########..   1%          6    None
 Conjure Ball Lightning   Conj/Air       ########..   1%          6    None
 Death Channel            Necr           #######...   1%          6    None
 Ozocubu's Refrigeration  Ice            ########..   1%          6    None
 Poison Arrow             Conj/Pois      #######...   1%          6    None
 Shadow Creatures         Summ           N/A          1%          6    None
 Simulacrum               Ice/Necr       ########..   1%          6    None
 Haunt                    Necr/Summ      #######...   1%          7    None
 Monstrous Menagerie      Summ           ########..   1%          7    None
 Summon Greater Demon     Summ           ########..   1%          7    None
 Summon Hydra             Summ           ########..   1%          7    None
 Alistair's Intoxication  Tmut/Pois      ######..     3%          5    None
 Blade Hands              Tmut           ######....   5%          5    None
 Yara's Violent Unravell  Hex/Tmut       ######....   5%          5    None
 Malign Gateway           Summ/Tloc      #######...   7%          7    None
 Dispersal                Tloc           ######....   8%          6    None
 Statue Form              Tmut/Erth      ######...    9%          6    None
 Darkness                 Hex            ######....   24%         6    None
 Hydra Form               Tmut           ######....   24%         6    None
 Invisibility             Hex            ######..     24%         6    None
 Ring of Flames           Chrm/Fire      #######...   24%         7    None
 Dragon Form              Tmut           ######....   73%         7    None
 Lehudib's Crystal Spear  Conj/Erth      ########..   9%          8    ###....
 Summon Horrible Things   Summ           ########..   9%          8    ###....
 Borgnjor's Revivificati  Necr           #######...   21%         8    ###....
 Infestation              Necr           #######...   21%         8    ###....
 Tornado                  Air            ########..   24%         9    #####..
 Death's Door             Chrm/Necr      #######...   36%         8    ###....
 Glaciate                 Conj/Ice       ########..   38%         9    #####..
 Dragon's Call            Summ           ########..   67%         9    #####..
 Necromutation            Tmut/Necr      #######...   73%         8    ###....
 Fire Storm               Conj/Fire      ########..   86%         9    #####..
 Controlled Blink         Tloc           N/A          91%         8    ###....
 Disjunction              Tloc           ######....   91%         8    ###....
 Ignition                 Fire           #######...   94%         8    ###....
 Discord                  Hex            ######....   99%         8    ###....
 Shatter                  Erth           #######...   100%        9    #####..


Dungeon Overview and Level Annotations

Branches:
Dungeon (15/15)            Temple (0/1) D:6            Lair (6/6) D:10
 Shoals (4/4) Lair:3       Spider (4/4) Lair:2        Slime (0/5) Lair:6
    Orc (2/2) D:12            Elf (3/3) Orc:2        Vaults (5/5) D:14
  Crypt (0/3) Vaults:3     Depths (5/5) D:15            Zot (5/5) Depths:5

Altars:
Cheibriados
Dithmenos
Fedhas
Kikubaaqudgha
Okawaru
Ru
Sif Muna
Trog
Uskayaw
Xom
Yredelemnul
The Shining One
Beogh
Jiyva
Lugonu

Shops:
D:14 !   Orc:2 [!:(   Elf:2 (   Shoals:3 :   Vaults:4 [

Portals:
Hell: Depths:1 Depths:2 Depths:3 Depths:4 Depths:5
Abyss: Depths:2 Depths:4 Depths:5
Pandemonium: Depths:3 Depths:5
Ziggurat: Depths:4

Annotations:
D:5 exclusion: 2 downstairs
D:8 1 runed translucent door
D:9 exclusion: downstairs
D:11 exclusion: 2 downstairs
D:15 Azrael
Elf:2 5 runed translucent doors
Zot:1 2 transporters
Zot:4 2 transporters
Zot:5 1 runed translucent door, Dwachs's ghost, veteran SpEn


Innate Abilities, Weirdness & Mutations

Scrolls take you a little longer to read.
Potions are less effective at restoring your health.


Message History

Confirm with . or Enter, or press ? or * to list all spells.
Aiming: Iron Shot (safe; 1% risk of failure)
Press: ? - help, Shift-Dir - straight line, f/p - orb of fire
Aim: an orb of fire (heavily damaged)
The iron shot misses the orb of fire.
Your spellforged servitor casts a spell at the orb of fire.
The iron shot hits the orb of fire!!
The orb of fire glows deep purple.
Strange energies course through your body.
Your vision blurs.
Unknown command.
Unknown command.
Casting: Iron Shot (safe; 1% risk of failure)
Confirm with . or Enter, or press ? or * to list all spells.
You draw magical energy from your own body!
Sif Muna grants you divine energy.
You briefly lose access to your magic!
The orb of fire glows bright magenta.
The bolt of fire hits you!! You resist.
You die...

.(.....## ........# #####
#####...###### ###...#
..........).<###.....#
....#......).#.......#
..........)).#......##
..#.#.#.#...##......#
....#...#......*....#####
#...#...#.......@...#...#
....#...#.......8..##...#
.##########...#.....#...#########
##.........#..#..................
#...........#................)...
#.....^.....#....#.........[.....
<##...#.....#....####......###...
#..#........#.....# ###....###...
#...#...#...#.....# #######.⌠.#


You could see an orb of fire and a friendly spellforged servitor.

Vanquished Creatures
  An orb of fire (Zot:5)
  Mennas (Depths:4)
  2 ancient liches
  Mara (Depths:3)
  A juggernaut (Depths:5)
  Sojobo (Depths:4)
  2 Killer Klowns
  Bai Suzhen (Vaults:4)
  Boris (Vaults:4)
  A curse toe (Zot:4)
  3 caustic shrikes (Depths:3)
  Nikola (Spider:1)
  10 golden dragons
  The ghost of Xoss the Slayer, an adept BaAK of Lugonu (Depths:2)
  A Tzitzimitl (Depths:2)
  An electric golem (Zot:5)
  4 liches
  5 Orb Guardians (Zot:5)
  13 tentacled monstrosities
  Asterion (Spider:3)
  4 quicksilver dragons
  9 titans
  3 deep elf master archers (Elf:3)
  5 sphinxes (Vaults:5)
  3 death cobs
  Polyphemus (Shoals:4)
  Frances (Spider:1)
  Kirke (Shoals:4)
  8 tengu reavers
  15 storm dragons
  3 draconian monks
  11 shadow dragons
  8 fire giants
  2 draconian knights
  6 frost giants
  10 deep elf sorcerers
  4 draconian shifters
  An orc warlord (Vaults:1)
  Aizul (Elf:3)
  An emperor scorpion (shapeshifter) (Vaults:4)
  18 vault wardens
  7 ghost moths
  5 draconian scorchers
  6 emperor scorpions
  7 deep elf elementalists
  3 iron dragons (Depths:5)
  2 draconian stormcallers (Zot:5)
  9 stone giants
  14 ironheart preservers
  2 war gargoyles (Vaults:5)
  3 draconian annihilators
  2 reapers (Depths:2)
  15 very ugly things
  Nessos (Lair:6)
  8 green draconians
  5 entropy weavers
  6 deep elf demonologists
  7 yellow draconians
  4 black draconians
  12 deep elf annihilators
  A halazid warlock (Desolation)
  7 spark wasps
  10 purple draconians
  13 red draconians
  6 white draconians
  3 merfolk javelineers (Shoals:4)
  11 deep elf death magi
  10 ettins
  Josephine (Lair:6)
  9 merfolk impalers
  4 fire dragons
  4 deep elf high priests
  6 ice dragons
  13 yaktaur captains
  6 rakshasas
  3 spriggan air magi
  6 hydras
  3 great orbs of eyes
  An ice dragon (shapeshifter) (Depths:3)
  2 servants of whispers (Desolation)
  21 vault guards
  3 catoblepae
  8 merfolk avatars
  Erica (D:8)
  11 centaur warriors
  11 dancing weapons
  20 two-headed ogres
  3 merfolk aquamancers (Shoals:4)
  5 tengu warriors
  11 deep troll shamans
  A queen ant (shapeshifter) (Vaults:5)
  4 satyrs
  12 ogre magi
  Urug (Orc:2)
  A vampire mage (Depths:1)
  A titan zombie (Depths:2)
  2 hell hogs (Depths:4)
  An orc high priest (Orc:1)
  12 death yaks
  5 deep troll earth magi
  4 spriggan berserkers
  A titan skeleton (Vaults:3)
  A soul eater (Depths:2)
  A storm dragon zombie (Vaults:5)
  A fire crab (Shoals:3)
  A fire crab (shapeshifter) (Vaults:3)
  13 deep elf knights
  4 iron trolls
  A salamander mystic (Depths:2)
  2 unseen horrors
  6 skeletal warriors (Vaults:3)
  A shadow wraith (Vaults:1)
  4 glowing orange brains (Depths:3)
  12 sea snakes
  A glowing orange brain (shapeshifter) (Vaults:5)
  4 large abominations (Elf:1)
  5 wizards
  2 flayed ghosts
  A phantasmal warrior (Vaults:5)
  20 deep trolls
  21 ironbrand convokers
  21 harpies
  22 deep elf archers
  15 orb spiders
  A tengu zombie (Depths:2)
  7 necromancers
  A wolf spider zombie (D:12)
  6 salamanders
  2 fire giant zombies (Depths:2)
  A sphinx zombie (Depths:2)
  An orc sorcerer (D:12)
  17 orc knights
  7 cyclopes
  25 wolf spiders
  2 frost giant zombies
  51 deep elf magi
  A tengu skeleton (Vaults:3)
  36 ugly things
  7 fauns
  A guardian serpent (shapeshifter) (Vaults:2)
  19 moths of wrath
  A sphinx skeleton (Depths:2)
  5 black mambas
  12 manticores
  10 merfolk sirens
  18 elephants
  3 frost giant skeletons
  Joseph (D:10)
  6 water nymphs
  20 eyes of devastation
  2 stone giant skeletons
  10 vault sentinels
  A storm dragon simulacrum (Vaults:5)
  A molten gargoyle (Desolation)
  2 torpor snails
  A titan simulacrum (Depths:2)
  A fire giant skeleton (Depths:2)
  11 spiny frogs
  2 gargoyles (D:14)
  A rime drake (shapeshifter) (Vaults:2)
  32 yaktaurs
  10 demonic crawlers
  An efreet (D:14)
  3 freezing wraiths (Vaults:3)
  2 rime drakes
  6 tengu conjurers
  2 human skeletons (Vaults:3)
  3 yaktaur skeletons (Vaults:3)
  A golden dragon simulacrum (Depths:2)
  10 komodo dragons
  39 jumping spiders
  A queen bee (D:9)
  A polar bear (shapeshifter) (Vaults:2)
  8 hippogriffs
  A polar bear (Lair:4)
  6 trolls
  A wind drake (shapeshifter) (Vaults:3)
  11 hornets
  28 merfolk
  2 shadow dragon simulacra
  23 slime creatures
  A tengu simulacrum (Depths:2)
  3 dream sheep (Shoals:4)
  4 wind drakes
  A sphinx simulacrum (Depths:2)
  An ettin zombie (Vaults:3)
  16 saltlings (Desolation)
  A harpy skeleton (D:14)
  5 snapping turtles
  A spriggan zombie (Depths:2)
  16 blink frogs
  A fire giant simulacrum (Depths:2)
  Sigmund (D:4)
  2 spriggans
  30 tarantellas
  59 redbacks
  2 air elementals
  3 hogs
  A basilisk (shapeshifter) (Vaults:3)
  6 water elementals
  2 spriggan skeletons (Depths:2)
  5 wraiths
  2 wyverns
  16 humans
  2 fire bats
  2 ettin skeletons (Vaults:3)
  A golden eye (shapeshifter) (Vaults:4)
  41 yaks
  2 hungry ghosts
  A basilisk (Lair:3)
  19 fire elementals
  Eustachio (D:6)
  3 golden eyes (Depths:3)
  A soldier ant (D:11)
  11 wargs
  An acid dragon (Vaults:1)
  A human zombie (Vaults:2)
  11 water moccasins
  6 porcupines
  An ogre skeleton (Vaults:1)
  11 hell hounds (Depths:4)
  59 orc warriors
  A deep troll skeleton (Vaults:3)
  3 ice beasts
  A sky beast (D:15)
  A black bear (shapeshifter) (Vaults:1)
  2 ettin simulacra
  8 phantoms
  Duvessa (D:6)
  3 necrophages
  2 black bears
  An eye of draining (shapeshifter) (Vaults:2)
  7 wolves
  32 ogres
  11 centaurs
  A tengu (shapeshifter) (Vaults:5)
  12 boggarts
  7 crocodiles
  An elf skeleton (Vaults:2)
  2 big kobolds
  9 bullfrogs
  5 elf zombies
  A glowing shapeshifter simulacrum (Vaults:5)
  2 earth elementals
  A wyvern skeleton (D:8)
  A water moccasin zombie (D:9)
  Dowan (D:6)
  5 scorpions
  A water moccasin skeleton (D:4)
  32 killer bees
  9 wights
  9 electric eels
  3 howler monkeys
  14 crimson imps
  2 centaur zombies
  A bullfrog zombie (D:10)
  2 human simulacra
  6 jellies
  3 quasits
  2 bullfrog skeletons (D:12)
  11 hounds
  25 orc priests
  5 centaur skeletons
  2 iguanas
  13 orc wizards
  7 hell rats (Lair:4)
  11 worker ants
  A hound zombie (D:8)
  A worker ant zombie (D:10)
  6 gnolls
  13 adders
  2 howler monkey skeletons
  A shadow imp (Depths:2)
  3 white imps
  An ooze (D:4)
  2 adder skeletons (D:4)
  An adder zombie (D:6)
  A dart slug (D:1)
  4 worms
  7 leopard geckos
  104 orcs
  4 giant cockroaches
  6 goblins
  10 hobgoblins
  6 jackals
  14 kobolds
  2 quokkas
  A ball python (D:4)
  6 bats
  10 frilled lizards
  A jackal zombie (D:4)
  12 rats
  9 plants
2046 creatures vanquished.

Vanquished Creatures (collateral kills)
  An orb of fire (Zot:4)
  An ancient lich (Zot:5)
  A curse toe (Zot:4)
  A lich (Depths:2)
  A tentacled monstrosity (Zot:4)
  2 Orb Guardians (Zot:5)
  A titan (Depths:4)
  A death cob (Zot:1)
  Gastronok (Lair:2)
  4 storm dragons
  2 tengu reavers
  A shadow dragon (Zot:4)
  A vault warden (Vaults:5)
  A draconian knight (Zot:4)
  An iron dragon (Vaults:5)
  3 fire giants
  2 frost giants
  An orc warlord (D:12)
  An emperor scorpion (Spider:4)
  An ironheart preserver (Vaults:5)
  A draconian shifter (Zot:2)
  A deep elf elementalist (Depths:5)
  4 reapers (Depths:2)
  A stone giant (Depths:4)
  2 spriggan defenders (Depths:5)
  3 very ugly things (Depths:3)
  An entropy weaver (Vaults:5)
  3 white draconians
  4 green draconians
  2 deep elf demonologists (Vaults:5)
  3 purple draconians
  4 spark wasps
  A black draconian (Depths:5)
  5 red draconians
  4 deep elf death magi
  An ettin (Vaults:5)
  A yaktaur captain (Depths:3)
  A deep elf high priest (Vaults:5)
  2 ice dragons
  9 vault guards
  A rakshasa (Vaults:3)
  A spriggan air mage (Depths:5)
  A catoblepas (Lair:6)
  A hydra (Lair:4)
  5 two-headed ogres
  A deep troll earth mage (Depths:5)
  4 death yaks
  2 tengu warriors
  2 deep troll shamans
  A titan zombie (Depths:2)
  2 spriggan berserkers (Depths:5)
  A dancing weapon (Depths:2)
  An iron troll (Depths:1)
  4 deep trolls
  A flayed ghost (Depths:4)
  A shadow dragon zombie (Depths:2)
  A sphinx zombie (Depths:2)
  3 necromancers
  3 ironbrand convokers
  A fire giant zombie (Depths:2)
  2 orc knights (Orc:2)
  A deep elf mage (Depths:4)
  An orb spider (Spider:1)
  4 wolf spiders
  5 elephants
  A frost giant skeleton (Vaults:5)
  A centaur zombie (D:15)
  A merfolk siren (Lair:3)
  A human skeleton (Vaults:3)
  An eye of devastation (Depths:3)
  2 spiny frogs
  2 demonic crawlers (Spider:2)
  4 yaktaurs
  An efreet (Zot:4)
  A komodo dragon (Lair:1)
  3 freezing wraiths
  A troll (D:12)
  2 tengu conjurers
  6 jumping spiders
  A shadow dragon simulacrum (Vaults:5)
  2 hornets
  A blink frog (Lair:6)
  2 slime creatures
  A hippogriff (Lair:1)
  2 fire giant simulacra (Depths:2)
  A wraith (Lair:5)
  5 redbacks
  2 tarantellas
  A wyvern (D:13)
  5 yaks
  4 fire elementals (Zot:4)
  A yaktaur simulacrum (Vaults:3)
  A human (D:14)
  An acid dragon (D:13)
  A human zombie (Depths:2)
  4 orc warriors
  A black bear (D:8)
  3 ogres
  An elf skeleton (Vaults:3)
  A gnoll sergeant (D:12)
  3 killer bees
  2 wights
  An orc priest (D:12)
  An orc wizard (Orc:2)
  An adder (D:12)
  2 gnolls (D:12)
  A shadow imp (D:12)
  A worm (D:2)
  6 orcs
217 creatures vanquished.

Vanquished Creatures (others)
  A golden dragon (Depths:5)
  2 vault wardens (Vaults:5)
  A stone giant (Vaults:5)
  2 merfolk javelineers (Shoals:4)
  A yaktaur captain (Depths:5)
  A tengu warrior (Depths:3)
  A wolf spider (Spider:4)
  3 fauns
  8 yaktaurs
  A merfolk (Shoals:4)
  2 humans (Shoals:4)
  An ogre (Vaults:5)
  A centaur (Shoals:1)
  A scorpion (D:6)
  33 fungi
  24 plants
  6 toadstools (D:10)
  2 withered plants (Zot:5)
91 creatures vanquished.

Grand Total: 2354 creatures vanquished

Notes
Turn   | Place    | Note
-------+----------+-------------------------------------------
     0 | D:1      | Gaucho08 the Human Wizard began the quest for the Orb.
     0 | D:1      | Reached XP level 1. HP: 13/13 MP: 4/4
   176 | D:1      | Reached XP level 2. HP: 19/19 MP: 0/6
  1019 | D:1      | Learned a level 2 spell: Blink
  1022 | D:1      | Learned a level 2 spell: Call Imp
  1155 | D:2      | Reached XP level 3. HP: 24/24 MP: 5/7
  1577 | D:2      | Found a faded altar of an unknown god.
  1828 | D:2      | Reached XP level 4. HP: 30/30 MP: 7/9
  2066 | D:2      | Found a deep blue altar of Sif Muna.
  2392 | D:2      | Learned a level 3 spell: Mephitic Cloud
  3113 | D:3      | Reached XP level 5. HP: 36/36 MP: 7/10
  3734 | D:3      | Reached skill level 1 in Fighting
  3747 | D:3      | Reached skill level 1 in Poison Magic
  3991 | D:2      | Became a worshipper of Sif Muna the Loreminder
  4054 | D:3      | Noticed a +0 hand axe
  4080 | D:3      | Reached skill level 1 in Air Magic
  4089 | D:3      | Reached XP level 6. HP: 27/43 MP: 1/11
  4130 | D:3      | Noticed a +0 hand axe
  4427 | D:3      | Found a hide-covered altar of Uskayaw.
  4680 | D:3      | Found a basalt altar of Yredelemnul.
  4894 | D:3      | You fall through a shaft for 2 floors!
  4894 | D:5      | Entered Level 5 of the Dungeon
  4895 | D:5      | Found a shadowy altar of Dithmenos.
  5218 | D:5      | Reached skill level 2 in Fighting
  5883 | D:4      | Noticed a phantom
  5936 | D:5      | Reached XP level 7. HP: 45/51 MP: 6/13
  6210 | D:5      | Found a sacrificial altar of Ru.
  6766 | D:4      | Found an iron altar of Okawaru.
  7069 | D:4      | Reached skill level 3 in Fighting
  8104 | D:4      | Got a slimy turquoise ring
  8105 | D:4      | Identified the ring "Atinaudgh" {rPois rC+ rN+ Dex+3
                  | Slay-4} (You found it on level 4 of the Dungeon)
  8229 | D:4      | Reached skill level 5 in Spellcasting
  8229 | D:4      | Reached skill level 5 in Conjurations
  8229 | D:4      | Reached XP level 8. HP: 49/60 MP: 0/15
  8382 | D:4      | Noticed Sigmund
  8458 | D:4      | Noticed a moth of wrath
  8461 | D:4      | Found a bloodstained altar of Trog.
  8556 | D:4      | Got a sapphire quarterstaff
  8557 | D:4      | Identified the +1 quarterstaff of Noxt {drain, -Tele rElec
                  | rN+++ Str+3 SInv} (You found it on level 4 of the Dungeon)
  8785 | D:4      | Killed Sigmund
  8785 | D:4      | Reached * piety under Sif Muna
  8785 | D:4      | Reached skill level 4 in Fighting
  8920 | D:6      | Noticed Duvessa
  8920 | D:6      | Noticed Dowan
  8920 | D:6      | Noticed a yak
  8920 | D:6      | Noticed a yak
  8920 | D:6      | Noticed a yak
  9233 | D:6      | Learned a level 3 spell: Conjure Flame
  9700 | D:6      | Noticed Eustachio
  9724 | D:6      | Killed Eustachio
  9724 | D:6      | Reached skill level 5 in Fighting
 10081 | D:5      | Killed a yak
 10081 | D:5      | Reached XP level 9. HP: 36/68 MP: 6/18
 10759 | D:6      | Reached skill level 6 in Fighting
 11221 | D:6      | Killed Duvessa
 11221 | D:6      | Reached ** piety under Sif Muna
 11231 | D:6      | Killed Dowan
 11434 | D:6      | Found a blossoming altar of Fedhas.
 11656 | D:6      | Found a staircase to the Ecumenical Temple.
 12022 | D:7      | Reached XP level 10. HP: 66/77 MP: 16/21
 12025 | D:7      | Reached skill level 7 in Fighting
 13281 | D:8      | Noticed Erica
 13297 | D:8      | Killed Erica
 13303 | D:8      | Reached skill level 8 in Fighting
 13415 | D:8      | Reached *** piety under Sif Muna
 13958 | D:8      | Found a runed translucent door.
 13958 | D:8      | Noticed a sixfirhy
 14674 | D:9      | Reached XP level 11. HP: 34/87 MP: 14/23
 15250 | D:9      | Reached skill level 9 in Fighting
 15389 | D:9      | Noticed a cyclops
 16770 | D:9      | Reached **** piety under Sif Muna
 17148 | D:9      | Noticed a two-headed ogre
 17158 | D:9      | Killed a two-headed ogre
 17158 | D:9      | Reached skill level 10 in Fighting
 17527 | D:10     | Entered Level 10 of the Dungeon
 17582 | D:9      | Reached skill level 10 in Spellcasting
 17921 | D:10     | Noticed a centaur warrior
 18629 | D:10     | Found a staircase to the Lair.
 18690 | D:10     | Killed a centaur warrior
 18922 | D:10     | Noticed Joseph
 19175 | D:10     | Killed Joseph
 19298 | D:10     | Noticed a two-headed ogre
 19327 | D:10     | Killed a two-headed ogre
 19456 | D:10     | Reached ***** piety under Sif Muna
 19467 | D:10     | Identified Sif Muna's Grimoire of Mutagenic Enhancements
                  | (Sif Muna gifted it to you on level 10 of the Dungeon)
 19467 | D:10     | Received a gift from Sif Muna
 19921 | D:10     | Reached XP level 12. HP: 79/99 MP: 19/26
 20112 | Lair:1   | Entered Level 1 of the Lair of Beasts
 20645 | D:10     | Reached skill level 1 in Armour
 20776 | Lair:1   | Reached skill level 11 in Fighting
 21167 | D:10     | Learned a level 3 spell: Regeneration
 21644 | D:11     | Reached skill level 1 in Charms
 21799 | D:10     | Reached skill level 1 in Necromancy
 22002 | D:11     | Noticed an unseen horror
 22006 | D:11     | Killed an unseen horror
 24120 | D:11     | Learned a level 4 spell: Summon Lightning Spire
 26012 | D:12     | Found a staircase to the Orcish Mines.
 26919 | D:13     | Noticed a two-headed ogre
 26938 | D:12     | Killed a two-headed ogre
 26938 | D:12     | Reached XP level 13. HP: 89/106 MP: 13/28
 28321 | D:10     | Identified Sif Muna's Reference Book on Dusty Snow (Sif
                  | Muna gifted it to you on level 10 of the Dungeon)
 28321 | D:10     | Received a gift from Sif Muna
 28765 | Lair:1   | Learned a level 4 spell: Throw Icicle
 29100 | Lair:1   | Noticed a four-headed hydra
 29125 | Lair:1   | Reached skill level 1 in Ice Magic
 29140 | Lair:1   | Killed a four-headed hydra
 29578 | Lair:1   | Reached skill level 5 in Dodging
 29958 | Lair:2   | Noticed a four-headed hydra
 29963 | Lair:2   | Killed a four-headed hydra
 30451 | Lair:2   | Reached skill level 5 in Summonings
 30451 | Lair:2   | Reached skill level 5 in Air Magic
 30637 | Lair:2   | Noticed Gastronok
 30653 | Lair:2   | Killed Gastronok
 30926 | Lair:2   | Found a hole to the Spider Nest.
 31584 | Lair:3   | Found a glowing golden altar of the Shining One.
 32016 | Lair:3   | Reached skill level 12 in Fighting
 33198 | Lair:3   | Found a staircase to the Shoals.
 34250 | Lair:4   | Reached XP level 14. HP: 99/115 MP: 7/29
 34371 | Lair:4   | Found the +8 orange crystal plate armour {Archmagi, Int+3
                  | Clar}
 35706 | Lair:5   | Received a gift from Sif Muna
 37159 | Lair:6   | Entered Level 6 of the Lair of Beasts
 38455 | Lair:6   | Noticed Josephine
 38463 | Lair:6   | Killed Josephine
 39818 | Lair:6   | Reached skill level 13 in Fighting
 40236 | Lair:6   | Found a viscous altar of Jiyva.
 40237 | Lair:6   | Found a staircase to the Slime Pits.
 40577 | Lair:6   | Reached XP level 15. HP: 117/123 MP: 4/31
 41009 | Lair:6   | Noticed Nessos
 41023 | Lair:6   | Killed Nessos
 42318 | Lair:5   | Identified Vuawnehe's Handbook of the Compass and Evil Arts
                  | (Sif Muna gifted it to you on level 5 of the Lair of
                  | Beasts)
 42318 | Lair:5   | Received a gift from Sif Muna
 42803 | Lair:6   | Got a pair of ichor-stained boots
 42817 | Lair:6   | Identified the -1 pair of boots of Theory {+Inv rElec MR++
                  | Str-2} (You found it on level 6 of the Lair of Beasts)
 43052 | Orc:1    | Entered Level 1 of the Orcish Mines
 43475 | Orc:1    | Noticed an orc warlord
 43674 | D:12     | Killed an orc warlord
 44682 | Orc:2    | Entered Level 2 of the Orcish Mines
 44944 | Orc:2    | Noticed Urug
 44961 | Orc:2    | Killed Urug
 44993 | Orc:2    | Reached skill level 1 in Fire Magic
 45815 | Orc:2    | Learned a level 8 spell: Ignition
 45898 | Orc:2    | Found a roughly hewn altar of Beogh.
 46521 | Orc:2    | Found Pebuav's Book Shop.
 46521 | Orc:2    | Found Laqouxukh's Weapon Shoppe.
 46727 | Orc:2    | Bought a book of Ice for 975 gold pieces
 46745 | Orc:2    | Found a roughly hewn altar of Beogh.
 46966 | Orc:2    | Found Seygh's Antique Armour Shop.
 46966 | Orc:2    | Found Adyn's Distillery.
 47162 | Orc:2    | Found a staircase to the Elven Halls.
 47181 | Orc:2    | Reached skill level 14 in Fighting
 47791 | Orc:2    | Learned a level 6 spell: Bolt of Cold
 47798 | Orc:2    | Learned a level 6 spell: Freezing Cloud
 48315 | D:12     | Reached skill level 10 in Dodging
 48730 | D:13     | Reached XP level 16. HP: 133/133 MP: 13/33
 49568 | D:14     | Found Untism's Distillery.
 49626 | D:14     | Bought a potion of heal wounds for 75 gold pieces
 50174 | D:14     | Reached skill level 5 in Ice Magic
 50295 | D:14     | Found a gate to the Vaults.
 51106 | D:14     | Identified Sif Muna's Collected Works on Battle Magic (Sif
                  | Muna gifted it to you on level 14 of the Dungeon)
 51106 | D:14     | Received a gift from Sif Muna
 51657 | D:15     | Entered Level 15 of the Dungeon
 52610 | D:15     | Found a snail-covered altar of Cheibriados.
 52741 | D:15     | Found a staircase to the Depths.
 53191 | D:15     | Noticed Azrael
 53434 | Spider:1 | Entered Level 1 of the Spider Nest
 55045 | Spider:1 | Noticed Nikola
 55056 | Spider:1 | Killed Nikola
 55170 | Spider:1 | Reached skill level 10 in Conjurations
 55894 | Spider:1 | Noticed Frances
 56137 | Spider:1 | Killed Frances
 56767 | Spider:2 | Reached XP level 17. HP: 138/140 MP: 17/34
 56992 | Spider:1 | Identified Sif Muna's Tome of Changing and Orientation (Sif
                  | Muna gifted it to you on level 1 of the Spider Nest)
 56992 | Spider:1 | Received a gift from Sif Muna
 60062 | Spider:3 | Noticed Asterion
 60070 | Spider:3 | Killed Asterion
 61200 | Spider:4 | Entered Level 4 of the Spider Nest
 61950 | Spider:4 | Identified Sif Muna's Further Progress in Witchcraft (Sif
                  | Muna gifted it to you on level 4 of the Spider Nest)
 61950 | Spider:4 | Received a gift from Sif Muna
 63001 | Spider:4 | Reached skill level 15 in Fighting
 64041 | Spider:4 | Reached skill level 10 in Ice Magic
 65285 | Elf:1    | Entered Level 1 of the Elven Halls
 65560 | Elf:1    | Reached XP level 18. HP: 149/149 MP: 0/36
 66059 | Elf:1    | Identified Sif Muna's Guide on Arcane Weapons and the
                  | Escort (Sif Muna gifted it to you on level 1 of the Elven
                  | Halls)
 66059 | Elf:1    | Received a gift from Sif Muna
 66446 | Elf:1    | Reached skill level 1 in Shields
 68157 | Elf:1    | Identified the Volume of Black Arts
 69449 | Elf:2    | Found a huge runed translucent gate.
 69449 | Elf:2    | Found a huge runed translucent gate.
 69449 | Elf:2    | Found a huge runed translucent gate.
 69449 | Elf:2    | Found a huge runed translucent gate.
 69453 | Elf:2    | Found a huge runed translucent gate.
 69521 | Elf:2    | Found Jety's Weapon Boutique.
 71529 | Elf:2    | Reached skill level 15 in Spellcasting
 71802 | Elf:3    | Entered Level 3 of the Elven Halls
 72146 | Elf:3    | Found a deep blue altar of Sif Muna.
 72208 | Elf:3    | Identified Sif Muna's Incunabulum of the Destructive
                  | Arsonist (Sif Muna gifted it to you on level 3 of the Elven
                  | Halls)
 72208 | Elf:3    | Received a gift from Sif Muna
 72952 | Elf:3    | Learned a level 2 spell: Sublimation of Blood
 73044 | Elf:3    | Reached skill level 5 in Shields
 73044 | Elf:3    | Reached XP level 19. HP: 79/157 MP: 0/38
 74032 | Elf:3    | Reached skill level 16 in Fighting
 74036 | Elf:3    | Noticed Aizul
 74102 | Elf:3    | Killed Aizul
 74414 | Orc:2    | Bought a potion of curing for 45 gold pieces
 74414 | Orc:2    | Bought a potion of heal wounds for 75 gold pieces
 75656 | Elf:3    | Identified the +6 great mace "Osmefi" {crush, +Inv rF+ rN+}
 76687 | Elf:3    | Identified Athol's Volume of Supportive Malediction
 77065 | Shoals:1 | Entered Level 1 of the Shoals
 77334 | Shoals:1 | Identified the ring of Megalomania {Ice rN++ Str+2}
 78387 | Shoals:2 | Reached XP level 20. HP: 166/166 MP: 16/39
 78449 | Shoals:2 | Identified 2 scrolls of acquirement
 78782 | Shoals:2 | Received a gift from Sif Muna
 78818 | Shoals:2 | Learned a level 6 spell: Deflect Missiles
 79655 | Shoals:3 | Identified the Compendium of Stolen Souls
 80254 | Shoals:3 | Got an ancient dagger
 80255 | Shoals:3 | Identified the +9 dagger of Dominance {freeze, rElec rPois
                  | Stlth+} (You found it on level 3 of the Shoals)
 80372 | Shoals:3 | Found Cipidghae's Book Shoppe.
 80725 | Shoals:4 | Entered Level 4 of the Shoals
 81571 | Shoals:4 | Reached skill level 5 in Charms
 81936 | Shoals:4 | Noticed Kirke
 81942 | Shoals:4 | Killed Kirke
 82534 | Shoals:4 | Reached skill level 17 in Fighting
 82594 | Shoals:4 | Noticed Polyphemus
 82602 | Shoals:4 | Killed Polyphemus
 83510 | Shoals:4 | Got a barnacled rune of Zot
 83829 | Shoals:4 | Got a fine ring mail
 83831 | Shoals:4 | Identified the cursed +1 ring mail of Zigodoug {rPois Dex+7
                  | Slay-6} (You found it on level 4 of the Shoals)
 84205 | D:14     | Learned a level 8 spell: Chain Lightning
 84206 | Vaults:1 | Entered Level 1 of the Vaults
 84655 | Vaults:1 | Identified Sif Muna's Incunabulum of Summoning and the
                  | Glacier (Sif Muna gifted it to you on level 1 of the
                  | Vaults)
 84655 | Vaults:1 | Received a gift from Sif Muna
 84656 | Vaults:1 | Reached XP level 21. HP: 174/174 MP: 6/41
 87691 | Vaults:2 | Reached skill level 10 in Air Magic
 87857 | Vaults:2 | Found a shadowy altar of Dithmenos.
 88815 | Vaults:3 | Got a pair of jewelled gloves
 88826 | Vaults:3 | Identified the +1 pair of gloves of the Undertaker {Int+5
                  | Dex+4} (You acquired it on level 3 of the Vaults)
 88839 | Vaults:3 | Identified a +2 pair of boots of running (You acquired it
                  | on level 3 of the Vaults)
 88914 | Vaults:3 | Identified Sif Muna's Guide on Benedictions and
                  | Confrontation (Sif Muna gifted it to you on level 3 of the
                  | Vaults)
 88914 | Vaults:3 | Received a gift from Sif Muna
 88920 | Vaults:3 | Reached skill level 10 in Shields
 88935 | Vaults:3 | Learned a level 7 spell: Orb of Destruction
 88965 | Vaults:3 | Found a ruined gateway.
 89035 | Desolati | Entered the Desolation of Salt
 89109 | Desolati | Reached skill level 15 in Conjurations
 89761 | Vaults:3 | Learned a level 7 spell: Spellforged Servitor
 90379 | Vaults:3 | Reached XP level 22. HP: 170/183 MP: 22/42
 90468 | Vaults:3 | Found a staircase to the Crypt.
 92009 | Vaults:3 | Identified Sif Muna's Collected Works on Warped Companions
                  | (Sif Muna gifted it to you on level 3 of the Vaults)
 92009 | Vaults:3 | Received a gift from Sif Muna
 92475 | Vaults:3 | Reached skill level 18 in Fighting
 94292 | Vaults:4 | Noticed Boris
 94301 | Vaults:4 | Killed Boris
 94775 | Vaults:4 | Noticed Bai Suzhen
 94782 | Vaults:4 | Killed Bai Suzhen
 94782 | Vaults:4 | Reached skill level 10 in Summonings
 95315 | Vaults:4 | Reached XP level 23. HP: 168/190 MP: 37/44
 95605 | Vaults:4 | Found Miucur's Antique Armour Shop.
 96424 | Orc:2    | Bought a manual of Air Magic for 1656 gold pieces
 96570 | Depths:1 | Entered Level 1 of the Depths
 96692 | Depths:1 | Received a gift from Sif Muna
 97922 | Depths:1 | Found a gateway to Hell.
 98532 | Depths:1 | Received a gift from Sif Muna
 99582 | Depths:2 | Found a runed translucent door.
 99582 | Depths:2 | Found a shimmering altar of Xom.
 99582 | Depths:2 | Noticed Xoss's ghost (adept BaAK)
 99603 | Depths:2 | Found an ancient bone altar of Kikubaaqudgha.
 99603 | Depths:2 | Noticed an ancient lich
 99646 | Depths:2 | Killed an ancient lich
101075 | Depths:2 | Found a corrupted altar of Lugonu.
101075 | Depths:2 | Found a one-way gate to the infinite horrors of the Abyss.
101474 | Depths:2 | Learned a level 6 spell: Iron Shot
102117 | Depths:2 | Got a twitching bone amulet
102140 | Depths:2 | Got a fine large shield
102141 | Depths:2 | Identified the +2 large shield "Zakazaff" {+Fly rC+ rCorr
                  | Str-5} (You found it on level 2 of the Depths)
102280 | Depths:2 | Reached XP level 24. HP: 178/199 MP: 37/44
102290 | Depths:2 | Killed Xoss's ghost
102290 | Depths:2 | Reached skill level 1 in Earth Magic
102307 | Depths:2 | Got a dazzling morningstar
102308 | Depths:2 | Identified the amulet "Guagid" {Acrobat rPois Int+4 Dex+3}
                  | (You found it on level 2 of the Depths)
102335 | Depths:2 | Identified the +8 morningstar of Terra Cotta {antimagic,
                  | Stlth+} (You found it on level 2 of the Depths)
102455 | Depths:3 | Noticed a caustic shrike
102455 | Depths:3 | Noticed a caustic shrike
102456 | Depths:3 | Noticed a caustic shrike
102457 | Depths:3 | Killed a caustic shrike
102457 | Depths:3 | Killed a caustic shrike
102459 | Depths:3 | Killed a caustic shrike
102459 | Depths:3 | Identified Sif Muna's Catalogue of Unstable Weightlessness
                  | (Sif Muna gifted it to you on level 3 of the Depths)
102459 | Depths:3 | Received a gift from Sif Muna
102813 | Depths:3 | Noticed Mara
102817 | Depths:3 | Killed Mara
104780 | Depths:3 | Found a one-way gate leading to the halls of Pandemonium.
105321 | Depths:4 | Identified Sif Muna's Grimoire of the Dove (Sif Muna gifted
                  | it to you on level 4 of the Depths)
105321 | Depths:4 | Received a gift from Sif Muna
105440 | Depths:4 | Noticed Mennas
105536 | Depths:4 | Noticed Sojobo
106629 | Depths:4 | Reached skill level 19 in Fighting
106808 | Depths:4 | Reached skill level 15 in Air Magic
106819 | Depths:4 | Found a gateway to a ziggurat.
107128 | Depths:4 | Killed Sojobo
107128 | Depths:4 | Reached XP level 25. HP: 174/207 MP: 22/44
107445 | Depths:4 | Reached ****** piety under Sif Muna
107873 | Depths:4 | You fall through a shaft!
107873 | Depths:5 | Entered Level 5 of the Depths
108198 | Depths:5 | Received a gift from Sif Muna
108773 | Depths:5 | Learned a level 5 spell: Borgnjor's Vile Clutch
110812 | Depths:5 | Reached skill level 5 in Necromancy
110991 | Depths:5 | Reached skill level 5 in Earth Magic
111192 | Depths:5 | Noticed a juggernaut
111198 | Depths:5 | Killed a juggernaut
111203 | Depths:5 | Got a scorched scale mail
111204 | Depths:5 | Identified the cursed +1 scale mail of the Blind Marksman
                  | {rF+} (You found it on level 5 of the Depths)
111491 | Depths:5 | Found a gate to the Realm of Zot.
112198 | Depths:4 | Killed Mennas
112198 | Depths:4 | Identified Gil Cone's Disquisition on Unholy Bewitchment
                  | (Sif Muna gifted it to you on level 4 of the Depths)
112198 | Depths:4 | Received a gift from Sif Muna
112593 | Depths:4 | Reached XP level 26. HP: 175/216 MP: 21/45
114596 | Spider:4 | Got a gossamer rune of Zot
115141 | Vaults:5 | Entered Level 5 of the Vaults
116405 | Vaults:5 | Noticed an ancient lich
116411 | Vaults:5 | Killed an ancient lich
116411 | Vaults:5 | Reached skill level 5 in Armour
117081 | Vaults:5 | Identified Sif Muna's Compendium of the Supportive
                  | Snowflakes (Sif Muna gifted it to you on level 5 of the
                  | Vaults)
117081 | Vaults:5 | Received a gift from Sif Muna
117262 | Vaults:5 | Identified the +10 quarterstaff of the Scavenger {elec,
                  | rElec Str+3}
117307 | Vaults:5 | Identified the ring of Zin's Benevolence {rF+ Slay+3}
117447 | Vaults:5 | Got a silver rune of Zot
117524 | Vaults:5 | Identified the cursed +3 broad axe "Widowmaker" {pain,
                  | rElec rPois MP+9}
117583 | Vaults:5 | Reached skill level 20 in Fighting
117752 | Vaults:5 | Identified the +9 spear of Tortfeasance {freeze, rC+}
117752 | Vaults:5 | Identified the ring of Xom's Displeasure {Fire rN++ MP+9
                  | Slay+6}
117851 | Vaults:5 | Reached XP level 27. HP: 202/224 MP: 3/45
119712 | Vaults:5 | Reached skill level 15 in Shields
121116 | Depths:5 | Got a twisted ring mail
121117 | Depths:5 | Identified the +2 ring mail "Giofriyh" {rPois} (You found
                  | it on level 5 of the Depths)
121150 | Zot:1    | Entered Level 1 of the Realm of Zot
121558 | Zot:1    | Noticed an orb of fire
121674 | Zot:1    | Found a transporter.
121686 | Zot:1    | Found a transporter.
121879 | Zot:1    | Received a gift from Sif Muna
124560 | Zot:4    | Found a transporter.
124598 | Zot:4    | Found a transporter.
124599 | Zot:4    | Found the +0 mask of the Dragon {MR+ Slay+3 SInv}
125919 | Zot:4    | Received a gift from Sif Muna
126012 | Zot:4    | Noticed a Killer Klown
126023 | Zot:4    | Killed a Killer Klown
127580 | Zot:4    | Noticed an orb of fire
127589 | Zot:4    | Killed an orb of fire
127589 | Zot:4    | Reached skill level 10 in Armour
127949 | Zot:4    | Reached skill level 15 in Dodging
128027 | Zot:5    | Entered Level 5 of the Realm of Zot
128194 | Zot:5    | Reached skill level 21 in Fighting
128508 | Zot:5    | Found the +2 pair of boots of the Assassin {Detection Stab+
                  | Stlth++}
129684 | Zot:5    | Found a runed translucent door.
129685 | Zot:5    | Noticed Dwachs's ghost (veteran SpEn)
129993 | Zot:5    | Noticed a Killer Klown
129997 | Zot:5    | Noticed an ancient lich
129999 | Zot:5    | Killed a Killer Klown
129999 | Zot:5    | Noticed an orb of fire
130120 | Zot:5    | Noticed an orb of fire
130126 | Zot:5    | Killed an ancient lich
130134 | Zot:5    | Killed an orb of fire
130134 | Zot:5    | Gained mutation: Potions are less effective at restoring
                  | your health. [an orb of fire]
130136 | Zot:5    | Gained mutation: Scrolls take you a little longer to read.
                  | [an orb of fire]
130137 | Zot:5    | Killed from afar by an orb of fire

Skill      XL: |  1  2  3  4  5  6  7  8  9 10 11 12 13 14 15 16 17 18 19 20 21 22 23 24 25 26 27 |
---------------+----------------------------------------------------------------------------------+-----
Conjurations   | 2 3 4 5 6 8 10 12 13 14 15 16 17 18 | 18.0
Fighting       | 1 2 3 5 6 8 10 11 12 13 14 15 16 17 18 19 20 21 | 21.2
Poison Magic   | 1 2 |  2.0
Air Magic      | 1 2 3 5 6 7 8 10 12 15 16 | 16.0
Spellcasting   | 4 5 6 7 8 10 11 12 13 14 15 16 17 18 19 | 19.9
Translocations | 2 3 |  3.0
Summonings     | 2 3 5 6 10 11 12 | 12.0
Armour         | 3 6 10 | 10.8
Dodging        | 4 6 8 10 16 | 16.0
Charms         | 2 4 6 |  6.0
Necromancy     | 2 4 5 6 9 |  9.7
Ice Magic      | 4 7 10 | 10.8
Fire Magic     | 2 |  2.5
Shields        | 5 7 9 10 11 12 13 14 15 | 15.0
Earth Magic    | 4 5 6 |  6.0
Stealth        | |  2.0

Action                   |  1- 3 |  4- 6 |  7- 9 | 10-12 | 13-15 | 16-18 | 19-21 | 22-24 | 25-27 || total
-------------------------+-------+-------+-------+-------+-------+-------+-------+-------+-------++-------
Melee: Spear             |     8 |     7 |     6 |       |       |       |       |       |       ||    21
       Short sword       |       |    22 |       |   307 |   525 |   283 |     5 |       |       ||  1142
       War axe           |       |     3 |    16 |       |       |       |       |       |       ||    19
       Quarterstaff      |       |       |    44 |    37 |    10 |    36 |       |       |       ||   127
       Staff             |       |       |       |       |       |     4 |    66 |    45 |    71 ||   186
       Dagger            |       |       |       |       |       |       |       |     3 |    12 ||    15
       Broad axe         |       |       |       |       |       |       |       |       |    73 ||    73
Throw: Throwing net      |       |       |       |       |       |       |       |     3 |       ||     3
 Cast: Magic Dart        |    81 |   196 |   317 |   927 |    54 |       |       |       |       ||  1575
       Call Imp          |     2 |       |     1 |     8 |       |       |       |       |       ||    11
       Mephitic Cloud    |       |     8 |    32 |    87 |    89 |    38 |       |       |       ||   254
       Blink             |       |       |     1 |    35 |    34 |    16 |     2 |     8 |    26 ||   122
       Conjure Flame     |       |       |     3 |    23 |     8 |       |       |       |       ||    34
       Summon Lightning  |       |       |       |     8 |    59 |    38 |     2 |       |       ||   107
       Regeneration      |       |       |       |     4 |    14 |    11 |    48 |    33 |    47 ||   157
       Throw Icicle      |       |       |       |       |   602 |   784 |   240 |   290 |       ||  1916
       Bolt of Cold      |       |       |       |       |       |   150 |   445 |   210 |   121 ||   926
       Freezing Cloud    |       |       |       |       |       |     5 |    72 |    19 |    14 ||   110
       Sublimation of Bl |       |       |       |       |       |       |   170 |   176 |   194 ||   540
       Deflect Missiles  |       |       |       |       |       |       |     2 |     3 |     6 ||    11
       Orb of Destructio |       |       |       |       |       |       |       |    41 |   197 ||   238
       Spellforged Servi |       |       |       |       |       |       |       |    26 |    68 ||    94
       Iron Shot         |       |       |       |       |       |       |       |    67 |   309 ||   376
       Chain Lightning   |       |       |       |       |       |       |       |    82 |    70 ||   152
       Borgnjor's Vile C |       |       |       |       |       |       |       |       |    59 ||    59
Invok: Divine Energy     |       |       |       |       |       |     2 |     3 |       |       ||     5
       Stop Divine Energ |       |       |       |       |       |     1 |     3 |       |       ||     4
Evoke: Wand              |       |       |       |    15 |    14 |    16 |     5 |     4 |    31 ||    85
       Phantom mirror    |       |       |       |       |       |       |       |       |     1 ||     1
  Use: Scroll            |       |     7 |     2 |     6 |    11 |    17 |    18 |     9 |     9 ||    79
       Potion            |       |     2 |       |     1 |       |     7 |     7 |     1 |     5 ||    23
 Stab: Sleeping          |     3 |     2 |     1 |     1 |       |       |       |       |     1 ||     8
       Confused          |       |     2 |     7 |    20 |    33 |    10 |       |       |       ||    72
       Distracted        |       |       |       |       |     3 |     3 |       |     1 |     5 ||    12
       Invisible         |       |       |       |       |       |     3 |       |       |       ||     3
  Eat: Chunk             |     2 |    10 |     9 |    24 |    36 |    46 |    60 |    26 |    26 ||   239
       Ration            |       |     1 |     3 |     7 |     9 |    19 |    21 |    11 |    19 ||    90
Armor: Robe              |     1 |    15 |     8 |       |       |       |       |       |       ||    24
       Leather armour    |       |       |    12 |   218 |   219 |   451 |   111 |   128 |    58 ||  1197
       Quicksilver drago |       |       |       |       |       |       |       |       |   149 ||   149
Dodge: Dodged            |     9 |    50 |    91 |   501 |   614 |   949 |   249 |   206 |   299 ||  2968
       Deflected         |       |       |       |       |       |       |    37 |    38 |    41 ||   116
Block: Buckler           |       |       |       |       |       |     1 |   300 |   217 |    61 ||   579
       Reflection        |       |       |       |       |       |       |    77 |    44 |    42 ||   163
       Shield            |       |       |       |       |       |       |       |       |   453 ||   453
